 Dungeon Crawl Stone Soup version 0.32-a0-391-gce5c0aa (webtiles) character file.

Game seed: 3680238699855927486

1753009 syon the Axe Maniac (level 26, 185/266 HPs)
             Began as a Minotaur Fighter on Feb 17, 2024.
             Was a High Priest of Okawaru.
             Escaped with the Orb
             ... and 3 runes on Feb 19, 2024!
             The game lasted 03:53:45 (62342 turns).

syon the Axe Maniac (Minotaur Fighter)             Turns: 62342, Time: 03:53:45

Health: 185/266    AC: 39    Str: 41    XL:     26   Next: 20%
Magic:  30/32      EV: 22    Int:  2    God:    Okawaru [*****.]
Gold:   4544       SH: 21    Dex: 18    Spells: 25/25 levels left

rFire   + + +        T - +8 broad axe of Ygeyhosk {drain, rF+ Dex+3}
rCold   + + .        x - +3 kite shield {reflect}
rNeg    . . .        a - +12 gold dragon scales
rPois   +            K - +0 mask of the Dragon {Will+ Slay+3 SInv}
rElec   .            y - scarf of Limitation {shadows, Str+7}
rCorr   +            f - +0 pair of fencer's gloves {Riposte Dex+3}
SInv    +            Q - +2 pair of boots
Will    ++...        r - amulet of Veinuh {Faith rF++ Regen+}
Stlth   +            g - ring of resist corrosion
HPRegen 1.44/turn    B - ring of protection from cold
MPRegen 0.23/turn

%: reflection, faith
@: heroic, hasted, studying Alchemy, very quick
A: horns 2, retaliatory headbutt, iridescent scales 1, thin skeletal structure
1, clumsy 1, deformed body, dopey 1, fire resistance 1, shaggy fur 1, strong 1,
MP-powered wands, sturdy frame 1
0: Orb of Zot
}: 3/15 runes: decaying, slimy, gossamer
a: Renounce Religion, Heroism, Finesse, Duel


You escaped.
You worshipped Okawaru.
Okawaru was extremely pleased with you.
You visited 11 branches of the dungeon, and saw 52 of its levels.
You also visited: Wizlab.

You collected 7107 gold pieces.
You spent 2563 gold pieces at shops.

Inventory:

Hand Weapons
 T - the +8 broad axe of Ygeyhosk (weapon) {drain, rF+ Dex+3}
   (You acquired it on level 6 of the Dungeon)

   Dex+3:     It affects your dexterity (+3).
   rF+:       It protects you from fire.
Missiles
 m - 2 throwing nets {!f}
 P - 15 silver javelins (quivered)
 X - 25 javelins
Armour
 a - +12 gold dragon scales (worn)
 f - the +0 pair of fencer's gloves (worn) {Riposte Dex+3}
   (You found it on level 4 of the Spider Nest)

   Riposte:   It allows the wearer to riposte with melee weapons, swiftly
   retaliating against missed or blocked melee attacks.
   Dex+3:     It affects your dexterity (+3).
 h - the +14 crystal plate armour "Oggofo" {Stlth+}
   (Okawaru gifted it to you on level 5 of the Lair of Beasts)

   Stlth+:    It makes you more stealthy.
 x - a +3 kite shield of reflection (worn)
 y - the scarf of Limitation (worn) {shadows, Str+7}
   (You found it on level 3 of the Swamp)

   Str+7:     It affects your strength (+7).
 K - the +0 mask of the Dragon (worn) {Will+ Slay+3 SInv}
   (You found it on level 2 of the Depths)

   Slay+3:    It affects your accuracy & damage with ranged weapons and melee
   (+3).
   Will+:     It increases your willpower.
   SInv:      It lets you see invisible.
 Q - a +2 pair of boots (worn)
Jewellery
 g - a ring of resist corrosion (left hand)
 j - the ring "Varizas" {rElec rF+}
   (You acquired it on level 3 of the Elven Halls)

   [ring of protection from fire]

   rF+:       It protects you from fire.
   rElec:     It insulates you from electricity.
 k - the ring "Bympoa" {Will+ MP+9 Int+3}
   (You acquired it on level 12 of the Dungeon)

   [ring of magical power]

   Int+3:     It affects your intelligence (+3).
   Will+:     It increases your willpower.
   MP+9:      It affects your magic capacity (+9).
 r - the amulet of Veinuh (around neck) {Faith rF++ Regen+}
   (You took it off a deep elf demonologist on level 3 of the Elven Halls)

   [amulet of faith]

   Faith:     It allows you to gain divine favour quickly.
   rF++:      It greatly protects you from fire.
   Regen+:    It increases your rate of health regeneration.
 s - a ring of poison resistance
 B - a ring of protection from cold (right hand)
 F - a ring of see invisible
 O - an amulet of reflection
 V - a ring of protection from cold
 W - the ring of Pakkubra {Fly EV+5 Slay+2}
   (You found it on level 5 of the Lair of Beasts)

   [ring of evasion]

   EV+5:      It affects your evasion (+5).
   Slay+2:    It affects your accuracy & damage with ranged weapons and melee
   (+2).
   Fly:       It grants you flight.
 Z - an amulet of guardian spirit
Wands
 D - a wand of polymorph (50)
 M - a wand of digging (8)
 N - a wand of iceblast (12)
 Y - a wand of light (44)
Scrolls
 i - 13 scrolls of blinking
 n - a scroll of vulnerability
 o - 22 scrolls of teleportation {!r}
 p - 10 scrolls of fear {!r}
 t - 10 scrolls of revelation {!r}
 v - 8 scrolls of fog {!r}
 z - 10 scrolls of amnesia
 C - 14 scrolls of poison
 G - 7 scrolls of enchant weapon
 R - 3 scrolls of brand weapon
 S - 3 scrolls of summoning {!r}
Potions
 b - 10 potions of attraction
 c - 2 potions of berserk rage {!q}
 d - 6 potions of might {!q}
 e - 4 potions of invisibility {!q}
 l - 3 potions of enlightenment {!q!q}
 q - 21 potions of curing {!q}
 u - 8 potions of brilliance {!q}
 w - 5 potions of magic {!q}
 A - 2 potions of mutation
 E - 3 potions of heal wounds {!q}
 H - 3 potions of haste {!q}
 I - 4 potions of cancellation {!q}
 J - 5 potions of lignification {!q}
 L - 11 potions of ambrosia {!q}
 U - 6 potions of resistance {!q}


   Skills:
 O Level 27 Fighting
 O Level 27 Axes
 + Level 16.9(21.9) Throwing
 - Level 17.0(22.0) Armour
 * Level 18.9(23.9) Dodging
 * Level 8.4(13.4) Stealth
 - Level 21.2(26.2) Shields
 + Level 14.5 Invocations
 + Level 5.8 Evocations


You had 25 spell levels left.
You didn't know any spells.
Your spell library contained the following spells:

 Spells                   Type           Power      Damage    Failure   Level
 Apportation              Tloc           0%         N/A       94%         1
 Foxfire                  Conj/Fire      0%         2x1d4     94%         1
 Freeze                   Ice            0%         1d3       94%         1
 Necrotise                Necr           0%         1d4       94%         1
 Shock                    Conj/Air       0%         1d3       94%         1
 Slow                     Hex            0%         N/A       94%         1
 Sting                    Conj/Alch      0%         1d3       94%         1
 Blink                    Tloc           0%         N/A       98%         2
 Cigotuvi's Dreadful Rot  Necr/Alch/Air  0%         N/A       98%         2
 Ensorcelled Hibernation  Hex/Ice        0%         N/A       98%         2
 Jinxbite                 Hex            0%         N/A       98%         2
 Lesser Beckoning         Tloc           0%         N/A       98%         2
 Mercury Vapours          Alch/Air       0%         N/A       98%         2
 Momentum Strike          Conj/Tloc      0%         3d8       98%         2
 Scorch                   Fire           0%         2d5       98%         2
 Confusing Touch          Hex            0%         N/A       100%        3
 Dazzling Flash           Conj/Hex       0%         N/A       100%        3
 Frozen Ramparts          Ice            0%         1d1       100%        3
 Gell's Gravitas          Tloc           0%         N/A       100%        3
 Hailstorm                Conj/Ice       0%         3d5       100%        3
 Mephitic Cloud           Conj/Alch/Air  0%         N/A       100%        3
 Ozocubu's Armour         Ice            0%         N/A       100%        3
 Passwall                 Erth           0%         N/A       100%        3
 Sigil of Binding         Hex            0%         N/A       100%        3
 Swiftness                Air            0%         N/A       100%        3
 Teleport Other           Tloc           0%         N/A       100%        3
 Vampiric Draining        Necr           0%         2d6       100%        3
 Volatile Blastmotes      Fire/Tloc      0%         2d10      100%        3
 Airstrike                Air            0%         2d(0-16)  100%        4
 Anguish                  Hex/Necr       0%         N/A       100%        4
 Brom's Barrelling Bould  Conj/Erth      0%         2d3       100%        4
 Cause Fear               Hex            0%         N/A       100%        4
 Dimensional Bullseye     Hex/Tloc       0%         N/A       100%        4
 Dispel Undead            Necr           0%         3d6       100%        4
 Flame Wave               Conj/Fire      0%         2d4       100%        4
 Fulminant Prism          Conj/Alch      0%         3d5       100%        4
 Ignite Poison            Fire/Alch      0%         N/A       100%        4
 Iskenderun's Mystic Bla  Conj/Tloc      0%         2d3       100%        4
 Leda's Liquefaction      Alch/Erth      0%         N/A       100%        4
 Manifold Assault         Tloc           0%         N/A       100%        4
 Olgreb's Toxic Radiance  Alch           0%         N/A       100%        4
 Passage of Golubria      Tloc           0%         N/A       100%        4
 Vhi's Electric Charge    Tloc/Air       0%         N/A       100%        4
 Alistair's Intoxication  Alch           0%         N/A       100%        5
 Arcjolt                  Conj/Air       0%         1d10      100%        5
 Borgnjor's Vile Clutch   Necr/Erth      0%         N/A       100%        5
 Fireball                 Conj/Fire      0%         3d3       100%        5
 Freezing Cloud           Conj/Ice/Air   0%         6-21      100%        5
 Iskenderun's Battlesphe  Conj           0%         2d6       100%        5
 Lee's Rapid Deconstruct  Erth           0%         3d4*      100%        5
 Metabolic Englaciation   Hex/Ice        0%         N/A       100%        5
 Yara's Violent Unravell  Hex/Alch       0%         3d3       100%        5
 Bombard                  Conj/Erth      0%         9d1       100%        6
 Conjure Ball Lightning   Conj/Air       0%         3x3d6     100%        6
 Dispersal                Tloc           0%         N/A       100%        6
 Plasma Beam              Fire/Air       0%         2x1d10    100%        6
 Starburst                Conj/Fire      0%         6d3       100%        6
 Enfeeble                 Hex            0%         N/A       100%        7
 Orb of Destruction       Conj           0%         9d5       100%        7
 Ozocubu's Refrigeration  Ice            0%         4d7       100%        7
 Borgnjor's Revivificati  Necr           0%         N/A       100%        8
 Discord                  Hex            0%         N/A       100%        8
 Disjunction              Tloc           0%         N/A       100%        8
 Maxwell's Capacitive Co  Air            0%         ∞         100%        8
 Death's Door             Necr           0%         N/A       100%        9
 Polar Vortex             Ice            0%         N/A       100%        9
 Summon Small Mammal      Summ           Unusable   N/A       N/A         1
 Call Canine Familiar     Summ           Unusable   N/A       N/A         3
 Summon Ice Beast         Ice/Summ       Unusable   N/A       N/A         3
 Tukima's Dance           Hex            Unusable   N/A       N/A         3
 Martyr's Knell           Necr/Summ      Unusable   N/A       N/A         4
 Death Channel            Necr           Unusable   N/A       N/A         6
 Sculpt Simulacrum        Ice/Alch       Unusable   N/A       N/A         6
 Summon Cactus Giant      Summ           Unusable   N/A       N/A         6
 Haunt                    Necr/Summ      Unusable   N/A       N/A         7
 Malign Gateway           Summ/Tloc      Unusable   N/A       N/A         7
 Summon Hydra             Summ           Unusable   N/A       N/A         7

Dungeon Overview and Level Annotations

Branches:
Dungeon (15/15)            Temple (1/1) D:6            Lair (5/5) D:11
  Swamp (4/4) Lair:3       Spider (4/4) Lair:3        Slime (5/5) Lair:5
    Orc (2/2) D:11            Elf (3/3) Orc:2        Vaults (4/5) D:14
  Crypt (0/3) Vaults:3     Depths (4/4) D:15            Zot (5/5) Depths:4
 WizLab (visited)

Altars:
Ashenzari
Cheibriados
Dithmenos
Elyvilon
Fedhas
Gozag
Hepliaklqana
Kikubaaqudgha
Makhleb
Nemelex Xobeh
Okawaru
Qazlal
Ru
Sif Muna
Trog
Uskayaw
Vehumet
Wu Jian
Xom
Yredelemnul
Zin
The Shining One
Beogh
Jiyva

Shops:
D:4 ?   D:6 ?   D:10 *   D:13 *   Orc:2 [=[=   Elf:1 ([   Vaults:1 ?
Vaults:3 *   Vaults:4 (   Depths:1 [   Depths:3 =   Depths:4 :==

Portals:
Hell: Depths:1 Depths:2 Depths:3 Depths:4
Abyss: Depths:1 Depths:3
Pandemonium: Depths:2
Ziggurat: Depths:3

Annotations:
D:14 1 runed translucent door
Swamp:4 2 transporters, 1 exclusion, hyungi's ghost, adept MiFi
Spider:4 exclusions: 3 doors and 1 more exclusion
Elf:2 5 runed translucent doors
Elf:3 exclusion: 7 doors
Zot:4 1 runed translucent door, Jyfueq's ghost, master GrHu


Innate Abilities, Weirdness & Mutations

You have a pair of horns on your head.
You reflexively headbutt those who attack you in melee.
You are partially covered in iridescent scales. (AC +2)
You have a somewhat thin skeletal structure. (Dex +2, Stealth+)
You are clumsy. (Dex -2)
Armour fits poorly on your strangely shaped body.
You are dopey. (Int -2)
Your flesh is heat resistant. (rF+)
You are covered in fur. (AC +1)
Your muscles are strong. (Str +4, Int/Dex -1)
You expend magic power (3 MP) to strengthen your wands.
Your movements are slightly less encumbered by armour. (ER -2)


Message History

The hell beast is severely wounded.
Unknown command.
You chop the hell beast into pieces!!!
You kill the hell beast!
Okawaru accepts your kill.
You feel like a meek peon again.
Magic restored.
Your hands slow down.
There is an open door here.
An Orb Guardian comes into view.
You feel yourself speed up.
You gain the combat prowess of a mighty hero.
You block the Orb Guardian's attack.
You hit the Orb Guardian.
The Orb Guardian is lightly wounded.
You slash the Orb Guardian! You drain the Orb Guardian.
Your headbutt misses the Orb Guardian.
The Orb Guardian is lightly wounded.
The Orb Guardian barely misses you. You furiously retaliate!
You headbutt the Orb Guardian!
You hit the Orb Guardian but do no damage.
You headbutt the Orb Guardian!!
The Orb Guardian is severely wounded.
The Orb Guardian closely misses you.
You slash the Orb Guardian!
The Orb Guardian is severely wounded.
The Orb Guardian hits you!!
* * * LOW HITPOINT WARNING * * *
Taken [24] Damage!
You left [161]HP You slice the Orb Guardian!!
You kill the Orb Guardian!
Okawaru accepts your kill.
You feel your strength returning.
Aiming: Dig
Press: ? - help, Shift-Dir - straight line A rock wall.
This square is covered in magical glow.
You feel a surge of power!
The rock shatters into small pieces.
There is a staircase leading out of the dungeon here.
You have escaped!

........÷÷..#.##.⌠.⌠.#.##...##.##
........÷......#)....#..'.>.##.##
............#.########.##...##...
###............# #.#...###.##
....##..##..#.###### #.#...# #...
###.##..##..#.###..###.##### #.#.
#...##..##..#..#....##.#######...
#.####..##..........##.##.#..#...
#.#.....##.....#@#..'..##....#...
#.#.###.##.###.#.#..##.####..#.÷.
......#.##.#...#....##....'..#..#
........##.....##..###.####..#.##
##.#..#.##.....##### #.##....#...
##.#..#.##.....# #.##....####
........###....#######.####### #
##.####.# #....'..#..........####
##......###)...##.#.....#....'...


There were no monsters in sight!

Vanquished Creatures
  A pandemonium lord (D:3)
  the Royal Jelly (Arena)
  2 dread liches (Zot:5)
  Tiamat (Zot:2)
  9 orbs of fire
  2 ancient liches (Zot:5)
  Bai Suzhen (Depths:2)
  3 Killer Klowns (Zot:5)
  the Lernaean hydra (Swamp:4)
  A curse toe (Zot:5)
  Norris (Vaults:2)
  Nikola (Vaults:2)
  10 golden dragons
  2 electric golems (Zot:5)
  A bone dragon (Depths:4)
  Arachne (Spider:2)
  Jorgrun (Swamp:3)
  2 hellephants (Depths:1)
  16 tentacled monstrosities
  28 Orb Guardians
  9 quicksilver dragons
  5 liches
  A deep elf master archer (Elf:3)
  Asterion (Spider:1)
  A walking frostbound tome (Depths:3)
  2 deep elf blademasters (Elf:3)
  A walking crystal tome (Depths:3)
  26 acid blobs
  Frances (D:14)
  3 sphinxes
  8 death cobs
  Agnes (Spider:1)
  3 tengu reavers (Vaults:1)
  Kirke (D:15)
  A thorn hunter (Swamp:3)
  17 storm dragons
  7 shadow dragons
  8 draconian knights
  6 protean progenitors
  Aizul (Vaults:1)
  3 revenants (WizLab)
  Donald (Swamp:3)
  Roxanne (Spider:2)
  9 fire giants
  2 fenstrider witches (Swamp:4)
  7 draconian monks
  11 rockslimes
  14 azure jellies
  7 deep elf sorcerers
  8 draconian shifters
  2 iron dragons (Depths:3)
  8 frost giants
  11 vault wardens
  A balrug (Depths:3)
  5 ghost moths
  4 draconian scorchers
  6 emperor scorpions
  6 draconian annihilators
  A spectral caustic shrike (WizLab)
  A ghoul (Swamp:4)
  3 orc warlords
  7 deep elf elementalists (Elf:3)
  2 draconian stormcallers
  2 spriggan defenders (Depths:4)
  9 formless jellyfish
  17 quicksilver oozes
  6 stone giants
  25 ironbound preservers
  Nessos (D:14)
  6 ironbound thunderhulks
  A lorocyproca (D:6)
  4 broodmothers
  6 very ugly things (Depths:2)
  5 vampire knights
  2 eleionomae
  10 deep elf death magi
  4 black draconians
  3 halazid warlocks
  16 green draconians
  A war gargoyle (Vaults:3)
  11 dire elephants
  14 red draconians
  3 deep elf annihilators (Elf:3)
  10 yellow draconians
  10 deep elf demonologists
  A spectral titan (WizLab)
  Azrael (Elf:2)
  16 spark wasps
  4 bunyips
  8 white draconians
  2 eidola (WizLab)
  17 purple draconians
  4 shambling mangroves
  A quicksilver dragon zombie (WizLab)
  3 jiangshi (WizLab)
  8 deep elf high priests
  2 spectral quicksilver dragons (WizLab)
  9 ettins
  4 yaktaur captains
  10 fire dragons
  6 entropy weavers
  12 great orbs of eyes
  7 vault guards
  3 ice dragons
  21 hydras
  5 rakshasas
  7 centaur warriors
  Erica (D:8)
  Harold (Orc:1)
  9 ironbound frosthearts
  3 spriggan air magi
  3 jorogumos
  4 catoblepae
  A death knight (D:13)
  A hell beast (D:1)
  18 dancing weapons
  6 radroaches
  A ghost crab (Swamp:4)
  8 boulder beetles
  2 alligators
  12 deep troll earth magi
  7 two-headed ogres
  7 deep troll shamans
  A naga sharpshooter (D:12)
  2 vampire magi (Depths:4)
  3 hell hogs
  2 titan zombies (WizLab)
  16 death yaks
  5 tengu warriors
  Urug (D:14)
  2 spriggan berserkers
  7 demonic crawlers
  4 orc high priests (Orc:2)
  4 hell knights
  A shadow wraith (WizLab)
  2 sun demons (Depths:3)
  4 pharaoh ants
  7 deep elf knights
  A sixfirhy (Depths:2)
  A spectral spark wasp (WizLab)
  8 skeletal warriors
  6 goliath frogs
  7 iron trolls
  11 swamp dragons
  2 glowing orange brains
  3 arcanists
  4 skysharks (Vaults:2)
  A mana viper (shapeshifter) (Depths:4)
  A sun moth (Spider:3)
  A salamander mystic (Depths:3)
  A spark wasp zombie (WizLab)
  2 flayed ghosts
  14 orb spiders
  3 bog bodies
  3 spriggan druids
  An orange crystal statue (Depths:1)
  An orb spider (shapeshifter) (Depths:2)
  69 deep trolls
  A glowing orange brain (shapeshifter) (Elf:2)
  5 orc knights
  3 lindwurms
  2 spectral wolf spiders (WizLab)
  A wolf spider zombie (WizLab)
  15 deep elf archers
  16 ironbound convokers
  26 deep elf pyromancers
  6 phantasmal warriors
  A tengu zombie (Vaults:3)
  A harpy (Vaults:3)
  5 necromancers
  5 steelbarb worms
  A harpy (shapeshifter) (Vaults:1)
  24 deep elf zephyrmancers
  12 wolf spiders
  8 manticores
  5 orc sorcerers
  6 cyclopes
  10 shining eyes
  4 salamanders (Depths:3)
  25 ugly things
  A will-o-the-wisp (Swamp:4)
  Maurice (D:8)
  3 black mambas
  3 meliai (Spider:3)
  4 kobold blastminers
  34 moths of wrath
  11 elephants
  21 vault sentinels
  A molten gargoyle (D:12)
  An eye of devastation (Slime:2)
  2 gargoyles
  10 torpor snails
  11 cane toads
  4 kobold demonologists
  Jeremiah (D:8)
  2 efreet
  5 rime drakes
  6 komodo dragons
  A hellion (D:12)
  2 freezing wraiths (D:14)
  An unseen horror (shapeshifter) (D:14)
  Psyche (D:8)
  4 tengu conjurers
  5 trolls
  A spectral harpy (WizLab)
  An ice devil (D:12)
  A queen bee (D:12)
  A polar bear (shapeshifter) (Vaults:3)
  34 yaktaurs
  A troll (shapeshifter) (Elf:3)
  A human skeleton (Vaults:3)
  15 tyrant leeches
  29 tarantellas
  24 hornets
  3 polar bears (Lair:5)
  7 blink frogs
  A wolf spider simulacrum (D:15)
  A raiju (shapeshifter) (D:13)
  A raiju (D:12)
  3 glass eyes
  A dream sheep (Lair:1)
  A meliai zombie (D:10)
  132 slime creatures
  A shadow (D:13)
  5 water elementals
  3 air elementals
  26 jumping spiders
  28 culicivoras
  7 spriggans
  A wyvern (shapeshifter) (D:13)
  An elf skeleton (Vaults:3)
  4 wyverns
  65 yaks
  4 vampires
  2 wraiths
  5 basilisks
  17 golden eyes
  4 fire elementals
  19 humans
  5 wargs
  A redback (shapeshifter) (Depths:3)
  83 redbacks
  A swamp worm (shapeshifter) (Vaults:1)
  2 steam dragons
  11 swamp worms
  9 vampire mosquitoes
  8 hell hounds
  4 acid dragons
  10 water moccasins
  33 orc warriors
  7 swamp drakes
  An elephant zombie (D:8)
  An ice beast (D:6)
  An ice beast (shapeshifter) (Elf:1)
  A sky beast (shapeshifter) (D:14)
  6 black bears
  A boggart (Vaults:1)
  8 laughing skulls
  12 ogres
  A wolf (shapeshifter) (Elf:3)
  11 wolves
  8 centaurs
  2 phantoms
  Blork the orc (D:5)
  3 kobold brigands
  7 bullfrogs
  5 earth elementals
  4 scorpions
  4 wights (D:6)
  10 killer bees
  3 electric eels
  7 howler monkeys
  2 bombardier beetles
  A human zombie (D:8)
  36 orc priests
  4 hounds
  3 centaur zombies
  Jessica (D:2)
  28 orc wizards
  2 scorpion zombies (D:8)
  An iguana (D:4)
  A hell rat (Lair:2)
  2 killer bee zombies (D:8)
  4 hound zombies (D:8)
  2 howler monkey zombies (D:8)
  8 adders
  A gnoll (D:1)
  6 river rats (Lair:2)
  A shadow imp (D:5)
  A white imp (D:6)
  2 ufetubi (D:7)
  An adder zombie (D:8)
  A dart slug (D:1)
  129 orcs
  8 endoplasms
  3 giant cockroaches
  6 goblins
  9 hobgoblins
  6 jackals
  5 quokkas
  7 ball pythons
  4 bats
  6 frilled lizards
  22 kobolds
  17 rats
  2 aspiring fleshes
2280 creatures vanquished.

Vanquished Creatures (others)
  A lich (Depths:2)
  A deep elf demonologist (Elf:3)
  A deep elf annihilator (Elf:3)
  A white draconian (Zot:2)
  A deep elf knight (Elf:2)
  A deep elf pyromancer (D:14)
  A necromancer (WizLab)
  4 bloated husks
  A culicivora (Spider:4)
  A human (D:15)
  2 redbacks (Spider:4)
  A swamp worm (Swamp:2)
  An orc wizard (Orc:1)
  2 orcs
  A kobold (D:9)
  10 foxfires (Swamp:4)
30 creatures vanquished.

Grand Total: 2310 creatures vanquished

Notes
Turn   | Place    | Note
-------+----------+-------------------------------------------
     0 | D:1      | syon the Minotaur Fighter began the quest for the Orb.
     0 | D:1      | Reached XP level 1. HP: 19/19 MP: 0/0
    82 | D:1      | Reached XP level 2. HP: 27/27 MP: 1/1
   115 | D:1      | Found a faded altar of an unknown god.
   298 | D:1      | Reached XP level 3. HP: 33/33 MP: 2/2
   655 | D:1      | Reached XP level 4. HP: 39/40 MP: 3/3
  1545 | D:2      | Noticed Jessica
  1552 | D:2      | Killed Jessica
  1553 | D:2      | Reached XP level 5. HP: 32/47 MP: 4/4
  1765 | D:3      | Reached skill level 5 in Shields
  1766 | D:3      | Reached skill level 5 in Armour
  1916 | D:3      | Reached skill level 5 in Fighting
  1931 | D:3      | Reached XP level 6. HP: 6/56 MP: 5/5
  2467 | D:3      | Found a radiant altar of Vehumet.
  2467 | D:3      | Found a snail-covered altar of Cheibriados.
  3041 | D:4      | Found Turchar's Magic Scroll Boutique.
  3375 | D:4      | Reached skill level 5 in Axes
  3375 | D:4      | Reached XP level 7. HP: 62/62 MP: 6/6
  3741 | D:4      | Bought a scroll of identify for 24 gold pieces
  3741 | D:4      | Bought a scroll of noise for 12 gold pieces
  3741 | D:4      | Bought a scroll of identify for 24 gold pieces
  3741 | D:4      | Bought a scroll of identify for 24 gold pieces
  3741 | D:4      | Bought a scroll of teleportation for 36 gold pieces
  3741 | D:4      | Bought a scroll of identify for 24 gold pieces
  3805 | D:5      | Entered Level 5 of the Dungeon
  4015 | D:5      | Noticed Blork the orc
  4024 | D:5      | Killed Blork the orc
  4025 | D:5      | Reached XP level 8. HP: 61/71 MP: 7/7
  4937 | D:6      | Found a staircase to the Ecumenical Temple.
  5019 | D:6      | Reached XP level 9. HP: 26/81 MP: 8/8
  5382 | D:6      | Found Jocol's Magic Scroll Emporium.
  5728 | Temple   | Entered the Ecumenical Temple
  5739 | Temple   | Became a worshipper of Warmaster Okawaru
  5871 | D:7      | Noticed a two-headed ogre
  5881 | D:7      | Killed a two-headed ogre
  5881 | D:7      | Reached * piety under Okawaru
  6313 | D:7      | Found a sparkling altar of Nemelex Xobeh.
  6539 | D:8      | Noticed Maurice
  6549 | D:8      | Something stole an amulet of the acrobat
  6563 | D:8      | Something stole a +0 battleaxe
  6578 | D:8      | Reached ** piety under Okawaru
  6579 | D:8      | Reached XP level 10. HP: 61/91 MP: 9/9
  6597 | D:8      | Killed Maurice
  6968 | D:8      | Found a white marble altar of Elyvilon.
  6968 | D:8      | Found a glowing golden altar of the Shining One.
  6968 | D:8      | Found a glowing silver altar of Zin.
  7061 | D:8      | Reached skill level 10 in Shields
  7074 | D:8      | Reached skill level 10 in Armour
  7094 | D:8      | Reached skill level 10 in Fighting
  7115 | D:8      | Found a basalt altar of Yredelemnul.
  7139 | D:8      | Identified the +5 pair of boots of the Accordion {*Slow Fly
                  | Int+8 Stlth+}
  7145 | D:8      | Noticed Jeremiah
  7240 | D:8      | Killed Jeremiah
  7240 | D:8      | Reached *** piety under Okawaru
  7574 | D:8      | Noticed Psyche
  7647 | D:8      | Killed Psyche
  7807 | D:8      | Reached skill level 10 in Axes
  7898 | D:8      | Noticed Erica
  7907 | D:8      | Killed Erica
  8461 | D:9      | Noticed a two-headed ogre
  8468 | D:9      | Killed a two-headed ogre
  8468 | D:9      | Reached **** piety under Okawaru
  8469 | D:9      | Reached XP level 11. HP: 98/101 MP: 10/10
  8477 | D:9      | Found an opulent altar of Gozag.
  9258 | D:10     | Entered Level 10 of the Dungeon
  9655 | D:6      | Bought a scroll of acquirement for 676 gold pieces
  9655 | D:6      | Acquired the +8 broad axe of Ygeyhosk {drain, rF+ Dex+3}
  9955 | D:10     | Noticed a sun demon
  9964 | D:10     | Found Libon's CLEARANCE SALE!.
 10005 | D:10     | Found a bloodstained altar of Trog.
 10011 | D:10     | Reached ***** piety under Okawaru
 10371 | D:10     | Found a basalt altar of Yredelemnul.
 10545 | D:11     | Found a staircase to the Lair.
 10781 | D:11     | Received a gift from Okawaru
 10960 | D:11     | Noticed a two-headed ogre
 10968 | D:11     | Killed a two-headed ogre
 11060 | D:11     | Found a staircase to the Orcish Mines.
 11343 | D:11     | Noticed a boulder beetle
 11354 | D:11     | Killed a boulder beetle
 11553 | Lair:1   | Entered Level 1 of the Lair of Beasts
 11686 | Lair:1   | Reached XP level 12. HP: 102/112 MP: 11/11
 11691 | Lair:1   | Received a gift from Okawaru
 11824 | Lair:1   | Noticed a death yak
 11825 | Lair:1   | Noticed a death yak
 11825 | Lair:1   | Noticed a death yak
 11826 | Lair:1   | Noticed a death yak
 11826 | Lair:1   | Noticed a death yak
 11826 | Lair:1   | Noticed a death yak
 11838 | Lair:1   | Killed a death yak
 11840 | Lair:1   | Killed a death yak
 11845 | Lair:1   | Killed a death yak
 11852 | Lair:1   | Killed a death yak
 11856 | Lair:1   | Killed a death yak
 11857 | Lair:1   | Killed a death yak
 11988 | Lair:1   | Got Vomebeti's Omnibus of the Cooperative Crevasse
 12028 | Lair:1   | Received a gift from Okawaru
 12372 | Lair:1   | Noticed a dire elephant
 12372 | Lair:1   | Noticed a catoblepas
 12392 | Lair:1   | Found a runed translucent door.
 12505 | Lair:1   | Killed a catoblepas
 12528 | Lair:1   | Killed a dire elephant
 12903 | Lair:2   | You fall into a shaft and drop 2 floors!
 13067 | Lair:3   | Found a hole to the Spider Nest.
 13087 | Lair:3   | Noticed a six-headed hydra
 13094 | Lair:3   | Killed a nine-headed hydra
 13124 | Lair:3   | Received a gift from Okawaru
 13158 | Lair:3   | Found a staircase to the Swamp.
 13435 | Lair:3   | Reached XP level 13. HP: 109/123 MP: 12/12
 14049 | Lair:2   | Received a gift from Okawaru
 15347 | Lair:4   | Received a gift from Okawaru
 15764 | Lair:5   | Entered Level 5 of the Lair of Beasts
 15835 | Lair:5   | Reached ****** piety under Okawaru
 15888 | Lair:5   | Found a runed translucent door.
 16333 | Lair:5   | Received a gift from Okawaru
 16380 | Lair:5   | Reached skill level 15 in Fighting
 16380 | Lair:5   | Reached skill level 15 in Armour
 16380 | Lair:5   | Reached skill level 15 in Shields
 16562 | Lair:5   | Reached XP level 14. HP: 128/135 MP: 10/13
 16564 | Lair:5   | Reached skill level 15 in Axes
 16591 | Lair:5   | Identified the ring of Pakkubra {Fly EV+5 Slay+2}
 16595 | Lair:5   | Acquired a +2 vampiric broad axe
 16595 | Lair:5   | Received a gift from Okawaru
 16607 | Lair:5   | Acquired the +14 crystal plate armour "Oggofo" {Stlth+}
 16607 | Lair:5   | Received a gift from Okawaru
 16623 | Lair:5   | Got the Textbook on the Windy Missiles
 16666 | Lair:5   | Reached skill level 1 in Dodging
 16733 | Lair:5   | Reached skill level 1 in Throwing
 16733 | Lair:5   | Reached skill level 1 in Invocations
 16754 | Lair:5   | Identified the staff "Goluwku" {rN+ Dex+5 Conj Necro}
 16934 | Lair:5   | Found a staircase to the Slime Pits.
 16934 | Lair:5   | Noticed an acid blob
 16934 | Lair:5   | Noticed an acid blob
 16934 | Lair:5   | Noticed an acid blob
 17218 | Orc:1    | Entered Level 1 of the Orcish Mines
 17328 | Orc:1    | Noticed Harold
 17341 | Orc:1    | Killed Harold
 17341 | Orc:1    | Received a gift from Okawaru
 17631 | Orc:2    | Entered Level 2 of the Orcish Mines
 17965 | Orc:2    | Noticed an orc warlord
 17976 | Orc:2    | Killed an orc warlord
 18312 | Orc:2    | Found a staircase to the Elven Halls.
 18788 | Orc:2    | Received a gift from Okawaru
 18912 | Orc:2    | Found a roughly hewn altar of Beogh.
 18916 | Orc:2    | Found Jiggytus's Jewellery Emporium.
 18950 | Orc:2    | Found Uzaupiqe's Armour Shoppe.
 19236 | Orc:2    | Noticed an orc warlord
 19255 | Orc:2    | Killed an orc warlord
 19260 | Orc:2    | Found a roughly hewn altar of Beogh.
 19336 | Orc:2    | Found Jolam's Antique Armour Emporium.
 19400 | Orc:2    | Found Xodub's Jewellery Boutique.
 19421 | Orc:2    | Bought an amulet of regeneration for 540 gold pieces
 19720 | Orc:2    | Bought a runed hat for 224 gold pieces
 19720 | Orc:2    | Bought a glowing cloak for 240 gold pieces
 19931 | D:12     | Received a gift from Okawaru
 20152 | D:12     | Reached skill level 5 in Dodging
 20191 | D:12     | Acquired the ring "Bympoa" {Will+ MP+9 Int+3}
 20381 | D:12     | Found a sparkling altar of Nemelex Xobeh.
 20400 | D:12     | Reached XP level 15. HP: 137/144 MP: 17/17
 20556 | D:12     | Reached skill level 5 in Throwing
 20772 | D:13     | Found Jofiloic's Assorted Antiques.
 20796 | D:13     | Reached skill level 5 in Invocations
 20802 | D:13     | Received a gift from Okawaru
 20942 | D:13     | You fall into a shaft and drop 2 floors!
 20942 | D:15     | Entered Level 15 of the Dungeon
 21148 | D:15     | Found a staircase to the Depths.
 21177 | D:15     | Noticed Kirke
 21192 | D:15     | Killed Kirke
 21213 | D:15     | Received a gift from Okawaru
 21269 | D:15     | Found a radiant altar of Vehumet.
 21385 | D:14     | Noticed Urug
 21388 | D:14     | Noticed Frances
 21406 | D:14     | Received a gift from Okawaru
 21417 | D:14     | Killed Frances
 21420 | D:14     | Noticed Nessos
 21431 | D:14     | Killed Urug
 21543 | D:14     | Killed Nessos
 21592 | D:14     | Found a runed translucent door.
 21704 | D:14     | Found a gate to the Vaults.
 21978 | D:14     | Noticed a fire giant
 22263 | D:13     | Received a gift from Okawaru
 22891 | D:15     | Identified the +1 rapier "Ciexuj" {heavy, rPois Will+}
 23197 | Swamp:1  | Entered Level 1 of the Swamp
 23216 | Swamp:1  | Reached XP level 16. HP: 155/155 MP: 20/20
 23349 | Swamp:1  | Identified the +0 dagger of the End {freeze, rElec Will+
                  | Stlth+}
 23490 | Swamp:1  | Received a gift from Okawaru
 24303 | Swamp:3  | Noticed Donald
 24314 | Swamp:3  | Killed Donald
 24370 | Swamp:3  | Noticed a thorn hunter
 24380 | Swamp:3  | Noticed Jorgrun
 24387 | Swamp:3  | Killed a thorn hunter
 24401 | Swamp:3  | Killed Jorgrun
 24468 | Swamp:3  | Identified the scarf of Limitation {shadows, Str+7}
 25001 | Swamp:4  | Entered Level 4 of the Swamp
 25005 | Swamp:4  | Received a gift from Okawaru
 25408 | Swamp:4  | Found a transporter.
 25412 | Swamp:4  | Noticed hyungi's ghost (adept MiFi)
 25439 | Swamp:4  | Received a gift from Okawaru
 25472 | Swamp:4  | Found a transporter.
 25647 | Swamp:4  | Reached skill level 10 in Dodging
 25675 | Arena    | Entered the Arena
 25707 | Swamp:4  | Noticed the 27-headed Lernaean hydra
 25983 | Swamp:4  | Killed the 26-headed Lernaean hydra
 26013 | Swamp:4  | Reached XP level 17. HP: 139/161 MP: 23/23
 26056 | Swamp:4  | Reached skill level 10 in Throwing
 26056 | Swamp:4  | Reached skill level 10 in Invocations
 26090 | Swamp:4  | Got a decaying rune of Zot
 26278 | Spider:1 | Entered Level 1 of the Spider Nest
 26509 | Spider:1 | Noticed Asterion
 26521 | Spider:1 | Killed Asterion
 26856 | Spider:1 | Noticed Agnes
 26869 | Spider:1 | Killed Agnes
 27382 | Spider:2 | Received a gift from Okawaru
 27761 | Spider:2 | Noticed Arachne
 27779 | Spider:2 | Killed Arachne
 27817 | Spider:2 | Received a gift from Okawaru
 28162 | Spider:2 | Noticed Roxanne
 28179 | Spider:2 | Killed Roxanne
 28643 | Spider:3 | Received a gift from Okawaru
 29569 | Spider:4 | Entered Level 4 of the Spider Nest
 29600 | Spider:4 | Received a gift from Okawaru
 29686 | Spider:4 | Reached XP level 18. HP: 172/172 MP: 25/25
 29874 | Spider:4 | Received a gift from Okawaru
 30206 | Spider:4 | Received a gift from Okawaru
 30356 | Spider:4 | Found the +0 pair of fencer's gloves {Riposte Dex+3}
 30383 | Spider:4 | Got a gossamer rune of Zot
 30832 | Elf:1    | Entered Level 1 of the Elven Halls
 31071 | Elf:1    | Noticed a Brimstone Fiend
 31072 | Elf:1    | Received a gift from Okawaru
 31317 | Elf:1    | Found Sopoifa's Weapon Shop.
 31450 | Elf:1    | Paralysed by an air elemental for 1 turns
 31562 | Elf:1    | Got the Codex of Illusory Power
 31813 | Elf:1    | Found John Lambton's Dragon-Slaying Spoils.
 32043 | Elf:2    | Received a gift from Okawaru
 32197 | Elf:2    | Noticed Azrael
 32219 | Elf:2    | Killed Azrael
 32641 | Elf:2    | Found a huge runed translucent gate.
 32641 | Elf:2    | Found a huge runed translucent gate.
 32641 | Elf:2    | Found a huge runed translucent gate.
 32641 | Elf:2    | Found a huge runed translucent gate.
 32641 | Elf:2    | Found a huge runed translucent gate.
 32884 | Elf:2    | Reached XP level 19. HP: 179/182 MP: 27/27
 33168 | Elf:3    | Entered Level 3 of the Elven Halls
 33629 | Elf:3    | Paralysed by an air elemental for 1 turns
 33636 | Elf:3    | Received a gift from Okawaru
 34504 | Elf:3    | Identified the +7 bardiche "Huzuowkett" {drain, *Rage rPois
                  | rF+++ Stlth+}
 34504 | Elf:3    | Identified the ring of Negg {Wiz MP-9 Int+3 Dex+2}
 34509 | Elf:3    | Identified the amulet of Veinuh {Faith rF++ Regen+}
 34531 | Elf:3    | Received a gift from Okawaru
 34805 | Elf:3    | Identified the staff of Crusades {rPois rCorr Alchemy}
 35047 | Elf:3    | Received a gift from Okawaru
 35399 | Elf:3    | Acquired the ring "Varizas" {rElec rF+}
 35889 | Vaults:1 | Entered Level 1 of the Vaults
 36098 | Vaults:1 | Found Vaceden's Magic Scroll Boutique.
 36110 | Vaults:1 | Bought a scroll of blinking for 157 gold pieces
 36143 | Vaults:1 | Received a gift from Okawaru
 36237 | Vaults:1 | Identified the serpent talisman of a bazaar {Str+3 Int+3
                  | Dex-4}
 36237 | Vaults:1 | Noticed Aizul
 36246 | Vaults:1 | Killed Aizul
 36347 | Vaults:1 | Identified the +6 short sword of the Burning Gods {heavy,
                  | Dex+3}
 36542 | Vaults:1 | Received a gift from Okawaru
 36555 | Vaults:1 | Found the +27 heavy crossbow "Sniper" {heavy, Acc+∞ SInv}
 36563 | Vaults:1 | Reached XP level 20. HP: 100/193 MP: 28/28
 36694 | Vaults:1 | Identified the staff "Issuat" {rC+ rN++ Str-3 Ice}
 36967 | Vaults:1 | Received a gift from Okawaru
 37039 | Vaults:1 | Bought a scroll of enchant armour for 157 gold pieces
 37260 | Vaults:2 | Reached skill level 15 in Dodging
 37670 | Vaults:2 | Noticed Nikola
 37685 | Vaults:2 | Killed Nikola
 37787 | Vaults:2 | Received a gift from Okawaru
 37890 | Vaults:2 | Noticed Norris
 37919 | Vaults:2 | Killed Norris
 38324 | Vaults:2 | Received a gift from Okawaru
 38574 | Vaults:3 | Reached skill level 15 in Throwing
 38742 | Vaults:3 | Received a gift from Okawaru
 38853 | Vaults:3 | Found a magical portal.
 38916 | Vaults:3 | Found Tutic's General Store.
 38965 | WizLab   | Entered Borgnjor's Mausoleum
 39212 | WizLab   | Reached XP level 21. HP: 198/199 MP: 29/29
 39338 | Arena    | Entered the Arena
 39821 | Vaults:3 | Received a gift from Okawaru
 40712 | Vaults:3 | Found a staircase to the Crypt.
 41245 | Vaults:4 | Received a gift from Okawaru
 41514 | Vaults:4 | Received a gift from Okawaru
 41968 | Vaults:4 | Found Yfuon's Weapon Shoppe.
 42266 | Depths:1 | Entered Level 1 of the Depths
 42696 | Depths:1 | Identified the +3 leather armour of Elyvilon's Inspiration
                  | {Rampage rPois Int+2 Slay+2}
 42774 | Depths:1 | Found a gateway to Hell.
 43062 | Depths:1 | Found a one-way gate to the infinite horrors of the Abyss.
 43079 | Depths:1 | Found Koq Haeh's Antique Armour Shop.
 43399 | Depths:2 | Reached XP level 22. HP: 220/220 MP: 30/30
 43481 | Depths:2 | Received a gift from Okawaru
 43531 | Depths:2 | Noticed Bai Suzhen
 43542 | Depths:2 | Killed Bai Suzhen
 43749 | Depths:2 | Received a gift from Okawaru
 43962 | Depths:2 | Found the +0 mask of the Dragon {Will+ Slay+3 SInv}
 43964 | Depths:2 | Identified the +7 morningstar of Deflation {freeze, *Noise
                  | rElec Will+++ Str+4}
 43964 | Depths:2 | Identified the +2 plate armour of the Sparrow {rPois Str-4
                  | Int+3 Dex+3}
 43965 | Depths:2 | Got the Discourse on Stolen Souls and the Serac
 43985 | Depths:2 | Found a one-way gate leading to the halls of Pandemonium.
 45096 | Depths:3 | Identified the +2 rapier of Red Wine {antimagic, rElec rF-
                  | rC++ SInv}
 45211 | Depths:3 | Found Romir's Jewellery Shoppe.
 45286 | Depths:3 | Received a gift from Okawaru
 45320 | Depths:3 | Noticed a golden dragon
 45323 | Depths:3 | Killed a golden dragon
 45387 | Depths:3 | Identified the +3 ring mail of Moakug {Harm *Corrode rPois
                  | Slay+3}
 45528 | Depths:3 | Found a one-way gateway to a ziggurat.
 45814 | Depths:4 | Entered Level 4 of the Depths
 45848 | Depths:4 | Received a gift from Okawaru
 45920 | Depths:4 | Noticed a golden dragon
 45940 | Depths:4 | Killed a golden dragon
 46466 | Depths:4 | Identified the blade talisman of Poor Excuses {+Blink Fly
                  | Int-3 Stlth+}
 46469 | Depths:4 | Found an opulent altar of Gozag.
 46469 | Depths:4 | Found an opulent altar of Gozag.
 46478 | Depths:4 | Found an opulent altar of Gozag.
 46515 | Depths:4 | Found an opulent altar of Gozag.
 46542 | Depths:4 | Found a gate to the Realm of Zot.
 46552 | Depths:4 | Received a gift from Okawaru
 46561 | Depths:4 | Reached XP level 23. HP: 233/234 MP: 31/31
 47321 | Depths:4 | Found Qiash's Book Shop.
 47321 | Depths:4 | Found Fyxtal's Jewellery Emporium.
 47322 | Depths:4 | Found Toger's Jewellery Emporium.
 47834 | Slime:1  | Entered Level 1 of the Pits of Slime
 47904 | Slime:1  | Found a viscous altar of Jiyva.
 47938 | Slime:1  | Received a gift from Okawaru
 48052 | Slime:1  | Gained mutation: Your body sometimes deteriorates upon
                  | taking damage. [a shining eye]
 48054 | Slime:1  | Gained mutation: You sometimes lose your temper in combat.
                  | [a shining eye]
 48456 | Slime:2  | Gained mutation: You are frail. (-10% HP) [a shining eye]
 48457 | Slime:2  | Gained mutation: You are clumsy. (Dex -2) [a shining eye]
 48475 | Slime:2  | Paralysed by a formless jellyfish for 1 turns
 48479 | Slime:2  | Paralysed by a formless jellyfish for 1 turns
 48481 | Arena    | Entered the Arena
 48498 | Slime:2  | HP: 1/212 [titanic slime creature (66)]
 48805 | Slime:1  | Lost mutation: You sometimes lose your temper in combat.
                  | [potion of mutation]
 48805 | Slime:1  | Lost mutation: You are clumsy. (Dex -2) [potion of
                  | mutation]
 48805 | Slime:1  | Lost mutation: Your body sometimes deteriorates upon taking
                  | damage. [potion of mutation]
 48805 | Slime:1  | Gained mutation: You are partially covered in iridescent
                  | scales. (AC +2) [potion of mutation]
 48805 | Slime:1  | Gained mutation: You are agile. (Dex +4, Str/Int -1)
                  | [potion of mutation]
 48805 | Slime:1  | Gained mutation: Your movements are slightly less
                  | encumbered by armour. (ER -2) [potion of mutation]
 49711 | Slime:3  | Gained mutation: You occasionally lose the ability to read
                  | scrolls when taking damage. [a shining eye]
 49994 | Slime:3  | Gained mutation: Your body sometimes deteriorates upon
                  | taking damage. [a shining eye]
 49999 | Slime:3  | Received a gift from Okawaru
 50820 | Slime:4  | Gained mutation: You are weak. (Str -2) [a shining eye]
 50869 | Slime:4  | Gained mutation: Your magical capacity is low. (-10% MP) [a
                  | shining eye]
 51216 | Slime:4  | Lost mutation: You are weak. (Str -2) [potion of mutation]
 51216 | Slime:4  | Lost mutation: You are frail. (-10% HP) [potion of
                  | mutation]
 51216 | Slime:4  | Gained mutation: Your muscles are strong. (Str +4, Int/Dex
                  | -1) [potion of mutation]
 51216 | Slime:4  | Gained mutation: Your flesh is cold resistant. (rC+)
                  | [potion of mutation]
 51217 | Slime:4  | Lost mutation: Your body sometimes deteriorates upon taking
                  | damage. [potion of mutation]
 51217 | Slime:4  | Lost mutation: Your flesh is cold resistant. (rC+) [potion
                  | of mutation]
 51217 | Slime:4  | Gained mutation: You occasionally shout uncontrollably at
                  | your foes. [potion of mutation]
 51217 | Slime:4  | Gained mutation: You expend magic power (3 MP) to
                  | strengthen your wands. [potion of mutation]
 51272 | Slime:4  | Lost mutation: You occasionally shout uncontrollably at
                  | your foes. [potion of mutation]
 51272 | Slime:4  | Lost mutation: You are agile. (Dex +4, Str/Int -1) [potion
                  | of mutation]
 51272 | Slime:4  | Lost mutation: You occasionally lose the ability to read
                  | scrolls when taking damage. [potion of mutation]
 51272 | Slime:4  | Gained mutation: Your spells are a little harder to cast,
                  | but a little more powerful. [potion of mutation]
 51272 | Slime:4  | Gained mutation: You are agile. (Dex +4, Str/Int -1)
                  | [potion of mutation]
 51293 | Slime:5  | Entered Level 5 of the Pits of Slime
 51322 | Slime:5  | Gained mutation: You are occasionally teleported next to
                  | monsters. [a shining eye]
 51541 | Slime:5  | Gained mutation: Your health recovers twice as slowly from
                  | being drained. [a shining eye]
 51663 | Slime:5  | Received a gift from Okawaru
 52695 | Slime:5  | Noticed the Royal Jelly
 53049 | Arena    | Entered the Arena
 53051 | Arena    | Killed the Royal Jelly
 53096 | Slime:5  | Received a gift from Okawaru
 53267 | Slime:5  | Identified the +2 quarterstaff "Weiquy" {spect, Dex+4}
 53273 | Slime:5  | Got a slimy rune of Zot
 53894 | Zot:1    | Entered Level 1 of the Realm of Zot
 54212 | Vaults:3 | Bought a potion of brilliance for 68 gold pieces
 54212 | Vaults:3 | Bought a potion of resistance for 170 gold pieces
 54212 | Vaults:3 | Bought a potion of heal wounds for 85 gold pieces
 54212 | Vaults:3 | Bought 2 potions of curing for 102 gold pieces
 54420 | Depths:4 | Upgraded the game from 0.32-a0-352-gb72868e to
                  | 0.32-a0-391-gce5c0aa
 54475 | Zot:1    | Reached skill level 27 in Axes
 54650 | Zot:1    | Reached XP level 24. HP: 245/245 MP: 28/28
 55137 | Zot:2    | Identified the +0 plate armour "Guptit" {-Tele Str+7}
 55143 | Zot:2    | Received a gift from Okawaru
 55367 | Zot:2    | Lost mutation: Your magical capacity is low. (-10% MP)
                  | [potion of mutation]
 55367 | Zot:2    | Lost mutation: Your spells are a little harder to cast, but
                  | a little more powerful. [potion of mutation]
 55368 | Zot:2    | Lost mutation: You are occasionally teleported next to
                  | monsters. [potion of mutation]
 55368 | Zot:2    | Lost mutation: You are agile. (Dex +4, Str/Int -1) [potion
                  | of mutation]
 55368 | Zot:2    | Gained mutation: Your body sometimes deteriorates upon
                  | taking damage. [potion of mutation]
 55368 | Zot:2    | Gained mutation: Armour fits poorly on your strangely
                  | shaped body. [potion of mutation]
 55648 | Zot:2    | Found the +4 dragonskin cloak
 55648 | Zot:2    | Noticed Tiamat
 55690 | Zot:2    | Killed Tiamat
 55868 | Zot:2    | Received a gift from Okawaru
 56927 | Zot:3    | Received a gift from Okawaru
 57190 | Zot:3    | Reached skill level 27 in Fighting
 58284 | Zot:4    | Received a gift from Okawaru
 58293 | Zot:4    | Reached skill level 1 in Stealth
 58295 | Zot:4    | Reached skill level 1 in Evocations
 58300 | Zot:4    | Reached XP level 25. HP: 235/257 MP: 2/31
 59212 | Zot:4    | Found a runed translucent door.
 59213 | Zot:4    | Noticed Jyfueq's ghost (master GrHu)
 59638 | Zot:5    | Entered Level 5 of the Realm of Zot
 59700 | Zot:5    | Received a gift from Okawaru
 60004 | Zot:5    | Found a transporter.
 60145 | Zot:5    | Noticed an orb of fire
 60148 | Zot:5    | Noticed an ancient lich
 60157 | Zot:5    | Killed an ancient lich
 60158 | Zot:5    | Reached skill level 5 in Stealth
 60160 | Zot:5    | Noticed an orb of fire
 60161 | Zot:5    | Killed an orb of fire
 60161 | Zot:5    | Received a gift from Okawaru
 60162 | Arena    | Entered the Arena
 60173 | Arena    | Killed an orb of fire
 60333 | Zot:5    | Noticed an orb of fire
 60338 | Zot:5    | Noticed a Killer Klown
 60339 | Zot:5    | Noticed an orb of fire
 60340 | Zot:5    | Noticed an orb of fire
 60345 | Zot:5    | Noticed an orb of fire
 60436 | Zot:5    | Lost mutation: Your health recovers twice as slowly from
                  | being drained. [potion of mutation]
 60436 | Zot:5    | Lost mutation: Your body sometimes deteriorates upon taking
                  | damage. [potion of mutation]
 60436 | Zot:5    | Gained mutation: You are covered in fur. (AC +1) [potion of
                  | mutation]
 60436 | Zot:5    | Gained mutation: You have hidden genetic defects. [potion
                  | of mutation]
 60436 | Zot:5    | Gained mutation: Your flesh is heat resistant. (rF+)
                  | [potion of mutation]
 60436 | Zot:5    | Gained mutation: You have a pair of large horns on your
                  | head. [potion of mutation]
 60437 | Zot:5    | Lost mutation: You have a pair of large horns on your head.
                  | [potion of mutation]
 60437 | Zot:5    | Lost mutation: You have hidden genetic defects. [potion of
                  | mutation]
 60437 | Zot:5    | Lost mutation: You are partially covered in iridescent
                  | scales. (AC +2) [potion of mutation]
 60437 | Zot:5    | Gained mutation: Your mind is acute. (Int +4, Str/Dex -1)
                  | [potion of mutation]
 60437 | Zot:5    | Gained mutation: You are partially covered in iridescent
                  | scales. (AC +2) [potion of mutation]
 60437 | Zot:5    | Gained mutation: You have a somewhat thin skeletal
                  | structure. (Dex +2, Stealth+) [potion of mutation]
 60563 | Arena    | Entered the Arena
 60572 | Arena    | Killed an orb of fire
 60641 | Zot:5    | Gained mutation: You are clumsy. (Dex -2) [an orb of fire]
 60645 | Zot:5    | Killed an orb of fire
 60655 | Arena    | Entered the Arena
 60671 | Arena    | Killed an orb of fire
 60770 | Zot:5    | Identified the +5 great sword "Buemepe" {drain, Int+3}
 60855 | Zot:5    | Received a gift from Okawaru
 60863 | Zot:5    | Noticed an orb of fire
 60866 | Zot:5    | Noticed an orb of fire
 60867 | Zot:5    | Killed an orb of fire
 60880 | Arena    | Entered the Arena
 60883 | Arena    | Lost mutation: Your mind is acute. (Int +4, Str/Dex -1) [an
                  | orb of fire]
 60887 | Arena    | Killed an orb of fire
 60913 | Zot:5    | Noticed an orb of fire
 60963 | Zot:5    | Gained mutation: You are dopey. (Int -2) [an orb of fire]
 60973 | Zot:4    | Killed an orb of fire
 61060 | Zot:5    | Killed a Killer Klown
 61071 | Zot:5    | Killed an orb of fire
 61084 | Zot:5    | Noticed an ancient lich
 61090 | Zot:5    | Killed an ancient lich
 61091 | Zot:5    | Reached skill level 5 in Evocations
 61117 | Zot:5    | Noticed a dread lich
 61121 | Zot:5    | Noticed a Killer Klown
 61132 | Zot:5    | Killed a dread lich
 61132 | Zot:5    | Noticed a Killer Klown
 61140 | Zot:5    | Killed a Killer Klown
 61145 | Zot:5    | Killed a Killer Klown
 61156 | Zot:5    | Reached XP level 26. HP: 96/266 MP: 32/32
 61358 | Zot:5    | Noticed a dread lich
 61364 | Zot:5    | Killed a dread lich
 61725 | Zot:5    | Got the Orb of Zot
 61891 | Zot:1    | Noticed Zaenn the pandemonium lord
 62150 | D:6      | Noticed a seraph
 62206 | D:4      | Noticed Rivvitz the pandemonium lord
 62229 | D:3      | Killed Rivvitz the pandemonium lord
 62229 | D:3      | Received a gift from Okawaru
 62342 | D:$      | Escaped with the Orb!

Illustrated notes

Levels and vault maps discovered:
D:1:      dpeg_arrival_renting, layout_basic,
          shapermc_ecumenical_altar_flowoftime
D:2:      cheibrodos_pilgrimage, layout_loops_ring, uniq_jessica
D:3:      layout_basic, gammafunk_temple_overflow_elements
D:4:      layout_loops_ring, serial_shops, nicolae_shop_rolling_square
D:5:      layout_gridville, uniq_blork_the_orc
D:6:      layout_basic, minmay_temple_entry_wispy, serial_shops, shop,
          chequers_serial_rivers_micro_c
D:7:      layout_rooms, nemelex_xobeh_ov_fountains_minmay
D:8:      layout_gridville, good_gods_mini_temple, roadster_capsule_ark_zombie,
          uniq_psyche, uniq_erica, uniq_maurice, uniq_jeremiah
D:9:      layout_loops_ring, mainiacjoe_overflow_catwalk,
          serial_library_hellmonk_room_b
D:10:     layout_roguey, lemuel_zombie_altar_yredelemnul,
          trog_three_pillars_becter, nicolae_shop_clearance
D:11:     layout_basic, david_lair_generic, minmay_orc_entry_guard_dogs,
          kennysheep_generic_room_14
D:12:     regret_index_nemelex_summoning_deck_glade, layout_irregular_city,
          kennysheep_generic_room_11
D:13:     hangedman_cross_stitches, layout_long_grid, serial_shops, shop,
          portal_ice_cave_entry_pillars_2
D:14:     layout_rooms, david_vaults_3, minivault_13, uniq_frances
D:15:     hangedman_depths_entry_civil_slaughter, layout_cave_pools,
          vehumet_crystals, uniq_kirke
Temple:   nicolae_temple_god_jail
Lair:1:   gammafunk_lair_enchanted_lake, layout_cave_pods,
          grunt_forest_small_clearings
Lair:2:   layout_long_grid, enter_volcano_4, kennysheep_abandoned_house,
          infiniplex_staircase_pool
Lair:3:   layout_chaotic_city, minmay_swamp_entry_reptiles,
          nicolae_spider_entry_orb_guardian
Lair:4:   layout_cave_pods, lemuel_fruit_tree, grunt_megastairs_1,
          infiniplex_staircase_pool_2
Lair:5:   grunt_lair_end_beastmaster, layout_hall_layers, slime_entry_2,
          worms_lemuel
Swamp:1:  layout_falls_marsh, hangedman_swamp_diagram
Swamp:2:  layout_falls_marsh, evilmike_swamp_ruin_house_2
Swamp:3:  layout_falls_marsh, evilmike_swamp_ruin_house_3, uniq_jorgrun,
          uniq_donald
Swamp:4:  swamp_old_school, layout_basic_swamp,
          gammafunk_ghost_berserking_beasts
Spider:1: layout_cave_pods, drop_trap, nicolae_spider_nooks_and_crannies,
          uniq_asterion, uniq_agnes
Spider:2: layout_spider_delve, beargit_elvish_explorers, uniq_arachne,
          uniq_roxanne
Spider:3: layout_spider_delve
Spider:4: spider_rune_water
Slime:1:  layout_caves, basic_altar
Slime:2:  layout_caves, nicolae_slime_crime_time
Slime:3:  layout_caves
Slime:4:  cheibrodos_slime_lost_civilization_3, layout_caves
Slime:5:  slime_pit_nicolae_royal_road_to_ruin
Orc:1:    layout_caves, uniq_harold
Orc:2:    pubby_orc_utopia
Elf:1:    minmay_elf_arrival_circle, layout_gridlike, serial_shops,
          nicolae_shop_scrapyard, minmay_elf_sorcery, minivault_20,
          nicolae_shop_dragon_depot
Elf:2:    elven_hall_of_blades_hangedman_alternative
          [nicolae_blade_entry_hurt_lockers], layout_gridlike, uniq_azrael,
          uniq_zenata
Elf:3:    minmay_elf_hall_not_hex, layout_geoelf_castle, nicolae_zig_zag_zippers
Vaults:1: vaults_room_corners, hangedman_vaults_stretched_pinwheel,
          nicolae_vaults_weapon_check, vaults_room_ringed_pool,
          nicolae_vaults_alarming, ontoclasm_vaults_claustrophobia,
          nicolae_vaults_sesquioval_fish, nicolae_vaults_diamond_2,
          grunt_vaults_swirl, minmay_guarded_unrand_secular_launcher,
          nicolae_vaults_what_the_h, vaults_dpeg_emergency_exit,
          layout_vaults_maze_bifur, serial_shops, shop, uniq_aizul
Vaults:2: v_rooms_1, nicolae_vaults_apartment_1, vaults_mumra_chevron_long,
          v_misc_14, hangedman_vaults_stretched_pinwheel, v_misc_29,
          nicolae_vaults_storage_closets_3, ontoclasm_vaults_tryst,
          nicolae_vaults_tetromino_Z_1, vaults_dpeg_diagonal,
          nicolae_vaults_hexular_roomagon, grunt_vaults_funnel,
          nicolae_vaults_trapezoid_4, nicolae_vaults_surprise_closet,
          hangedman_vaults_trim, vaults_room_door_ring, layout_vaults_omnicross,
          uniq_nikola, uniq_norris
Vaults:3: infiniplex_enter_wizlab_glasses, nicolae_vaults_tangram_1,
          ontoclasm_vaults_gateway, st_eye, nicolae_vaults_cochlea,
          nicolae_vaults_closet_pinwheel_3, serial_ice_h,
          minmay_crypt_entry_vampire_xt, v_misc_18, hangedman_vaults_capsules,
          vaults_room_pools, nicolae_vaults_more_shelving_2, v_misc_1,
          vaults_dpeg_encased_lava, layout_vaults_ring, serial_shops, shop
Vaults:4: v_rooms_3, v_misc_17, nicolae_vaults_wrenched, v_misc_27,
          hangedman_vaults_corner_blocks, nicolae_vaults_apartment_2,
          grunt_vaults_focal, nicolae_vaults_taking_the_gang_shopping,
          v_misc_27, vaults_room_corners, layout_vaults_chaotic_city
Depths:1: layout_gridville, minivault_14, serial_shops,
          nicolae_shop_behind_doors, abyss_entry, grunt_hell_horde,
          grunt_ministairs_6, dpeg_stationary_puzzle
Depths:2: minmay_the_grid_four_pointed_star
          [minmay_the_grid_triangle_9x9_from_above,
          minmay_the_grid_triangle_9x9_flanged_cone,
          minmay_the_grid_triangle_9x9_longest,
          minmay_the_grid_triangle_9x9_wacky_v,
          minmay_the_grid_prize_shrinking_boxes], layout_basic, pf_coc_iceberg,
          pan_entry, uniq_bai_suzhen
Depths:3: minmay_two_paths, layout_cave_pools, ziggurat_fallback,
          hangedman_abyss_entry_splay, hellmouth_1, serial_glass,
          glass_columns_a, glass_columns_b, glass_columns_a, glass_columns_b,
          glass_columns_c, glass_columns_b, glass_columns_a, glass_columns_a,
          minmay_strange_pillars, minmay_strange_pillars, serial_shops, shop,
          nicolae_lava_and_water
Depths:4: grunt_crosshair, layout_gridlike, hell_entry, grunt_decor_resistance,
          drop_trap, nicolae_gozag_conspicuous_consumption, minmay_shop_grove,
          grunt_megastairs_2
Zot:1:    layout_onion_interference
Zot:2:    kennysheep_spiral_hall, layout_gridlike, uniq_tiamat
Zot:3:    layout_onion_interference, lemuel_flame_loot_1
Zot:4:    layout_concentric_octagons, ebering_ghost_reflecting_pool,
          st_stairs_10, regret_index_zotdec_banners
Zot:5:    layout_onion, grunt_ministairs_7, nicolae_diode_basic

Skill      XL: |  1  2  3  4  5  6  7  8  9 10 11 12 13 14 15 16 17 18 19 20 21 22 23 24 25 26 |
---------------+-------------------------------------------------------------------------------+-----
Fighting       | 4 5 6 8 9 10 12 13 15 16 17 18 19 20 21 23 25 26 27 | 27.0
Armour         | 4 5 6 8 9 10 12 13 15 17 | 17.0
Shields        | 4 5 6 8 9 10 12 13 15 16 17 18 20 21 | 21.2
Axes           | 3 4 5 6 7 9 10 12 13 14 16 17 18 19 21 24 27 | 27.0
Dodging        | 5 7 10 11 12 14 15 16 18 | 18.9
Throwing       | 4 7 9 11 12 13 15 16 | 16.9
Invocations    | 4 7 9 11 12 13 14 | 14.5
Stealth        | 2 7 8 |  8.4
Evocations     | 1 5 |  5.8

Action                     |  1- 3 |  4- 6 |  7- 9 | 10-12 | 13-15 | 16-18 | 19-21 | 22-24 | 25-27 || total
---------------------------+-------+-------+-------+-------+-------+-------+-------+-------+-------++-------
  Melee: War axe           |    43 |   144 |   240 |   259 |       |       |       |       |       ||   686
         Headbutt          |    11 |    24 |    45 |   109 |   203 |   335 |   428 |   508 |   137 ||  1800
         Unarmed           |       |       |       |     9 |       |       |       |       |       ||     9
         Broad axe         |       |       |       |   243 |   864 |  1229 |  1119 |  1161 |   363 ||  4979
  Throw: Javelin           |       |       |       |       |       |     8 |    18 |    19 |    47 ||    92
 Invoke: Heroism           |       |       |       |     6 |    16 |    12 |    12 |    12 |    11 ||    69
         Receive Weapon    |       |       |       |       |     1 |       |       |       |       ||     1
         Receive Armour    |       |       |       |       |     1 |       |       |       |       ||     1
         Finesse           |       |       |       |       |     1 |     1 |     6 |     5 |     2 ||    15
         Duel              |       |       |       |       |       |     1 |     1 |     2 |     4 ||     8
  Evoke: Wand              |       |       |       |       |       |       |       |       |     1 ||     1
    Use: Scroll            |       |       |    11 |     1 |    17 |    11 |     4 |    18 |     3 ||    65
         Potion            |       |       |       |       |     1 |     4 |     1 |     7 |     6 ||    19
   Stab: Petrified         |       |       |       |       |     9 |       |       |       |       ||     9
 Armour: Scale mail        |    17 |    41 |       |       |       |       |       |       |       ||    58
         Plate armour      |       |     7 |   167 |   249 |   102 |       |       |       |       ||   525
         Skin              |       |       |       |     7 |       |       |       |       |       ||     7
         Crystal plate arm |       |       |       |       |   383 |  1306 |   573 |   428 |       ||  2690
         Gold dragon scale |       |       |       |       |       |       |       |   255 |   215 ||   470
  Dodge: Dodged            |    19 |    46 |    48 |    77 |   178 |   639 |   347 |   383 |   123 ||  1860
  Block: Buckler           |    11 |    36 |       |       |       |       |       |       |       ||    47
         Reflection        |       |     2 |     3 |    19 |    34 |    20 |    42 |    19 |     1 ||   140
         Kite shield       |       |    22 |   246 |   411 |   803 |   962 |   665 |   677 |   230 ||  4016
Riposte: Broad axe         |       |       |       |       |       |    29 |   271 |   281 |    85 ||   666

Table legend: (Time is in decaauts)
 A = Elapsed time spent in this place.
 B = Non-inter-level travel time spent in this place.
 C = Inter-level travel time spent in this place.
 D = Time resting spent in this place.
 E = Time spent auto-exploring this place.
 F = Levels seen in this place.
 G = Mean time per level.
                   A        B        C        D        E       F      G
               +--------+--------+--------+--------+--------+-----+--------+
         Total |  61549 |  54520 |   7029 |  10672 |  32351 |  61 | 1009.0 |
       Dungeon |  15544 |  13632 |   1912 |   2193 |   8611 |  15 | 1036.3 |
        Temple |     23 |      3 |     20 |      0 |      0 |   1 |   23.0 |
          Lair |   6223 |   4881 |   1342 |    552 |   3574 |   5 | 1244.6 |
         Swamp |   3194 |   2936 |    258 |    248 |   1921 |   4 |  798.5 |
   Spider Nest |   4369 |   3950 |    419 |    204 |   2828 |   4 | 1092.2 |
    Slime Pits |   5634 |   5414 |    220 |   2475 |   2051 |   5 | 1126.8 |
  Orcish Mines |   2713 |   2421 |    292 |    609 |   1265 |   2 | 1356.5 |
   Elven Halls |   4584 |   4085 |    499 |    723 |   2311 |   3 | 1528.0 |
        Vaults |   5644 |   4937 |    707 |    454 |   3486 |   4 | 1411.0 |
        Depths |   5648 |   4799 |    849 |    568 |   3319 |   4 | 1412.0 |
           Zot |   7113 |   6606 |    507 |   2420 |   2712 |   5 | 1422.6 |
        Wizlab |    675 |    675 |      0 |     91 |    270 |   1 |  675.0 |
         Arena |    179 |    179 |      0 |    133 |      0 |   8 |   22.4 |
               +--------+--------+--------+--------+--------+-----+--------+

Top non-repeatable levels by time:
   Elf:3: 2256 daAuts
   Orc:2: 2050 daAuts
 Slime:4: 1967 daAuts
     D:8: 1938 daAuts
   Zot:5: 1862 daAuts
   Zot:2: 1740 daAuts
Vaults:3: 1691 daAuts
Depths:4: 1662 daAuts
  Lair:1: 1573 daAuts
Depths:3: 1543 daAuts
Vaults:2: 1472 daAuts
   Zot:4: 1451 daAuts
  Lair:5: 1448 daAuts
   Zot:3: 1427 daAuts
Depths:2: 1423 daAuts
